 Dungeon Crawl Stone Soup version 0.30-a0-305-g026cb31310 (webtiles) character file.

Game seed: 9463298199716670735

88 Bnni the Shooter (level 4, -3/35 HPs)
             Began as a Formicid Hunter on Oct 23, 2022.
             Was a Follower of Okawaru.
             Slain by a black bear (4 damage)
             ... on level 3 of the Dungeon.
             The game lasted 00:02:57 (1889 turns).

Bnni the Shooter (Formicid Hunter)                  Turns: 1889, Time: 00:02:58

Health: -3/35      AC:  4    Str: 15    XL:     4   Next: 82%
Magic:  3/4        EV: 12    Int:  9    God:    Okawaru [*.....]
Gold:   139        SH:  0    Dex: 17    Spells: 3/3 levels left

rFire   . . .      SeeInvis +    a - +0 shortbow
rCold   . . .      Faith    .    (no shield)
rNeg    . . .      Spirit   .    c - +0 leather armour
rPois   .          Reflect  .    (helmet unavailable)
rElec   .          Harm     .    k - scarf {repulsion}
rCorr   .          Rampage  .    l - +2 pair of gloves
Will    .....                    (no boots)
Stlth   ++........               (no amulet)
HPRegen 0.25/turn                (no ring)
MPRegen 0.09/turn                (no ring)

@: repel missiles
A: permanent stasis, dig shafts and tunnels, antennae 3, four strong arms,
talons 1, clumsy 1, deformed body
a: Dig, Shaft Self, Renounce Religion, Heroism


You were on level 3 of the Dungeon.
You worshipped Okawaru.
Okawaru was aware of your devotion.
You visited 1 branch of the dungeon, and saw 3 of its levels.

You collected 139 gold pieces.

Inventory:

Hand Weapons
 a - a +0 shortbow (weapon)
Armour
 c - a +0 leather armour (worn)
 k - a scarf of repulsion (worn)
 l - a +2 pair of gloves (worn)
Scrolls
 b - 2 scrolls of immolation
 e - 2 scrolls of identify {unknown}
 g - a scroll of noise {unknown}
 h - 2 scrolls of enchant armour {unknown}
Potions
 d - a potion of brilliance {unknown}
 f - 2 potions of mutation
 i - a potion of berserk rage {unknown}


   Skills:
 + Level 3.2 Fighting
 * Level 5.3 Ranged Weapons
 - Level 1.7 Dodging
 - Level 1.2 Stealth
 + Level 0.6 Invocations


You had 3 spell levels left.
You didn't know any spells.
Your spell library was empty.

Dungeon Overview and Level Annotations

Branches:
Dungeon (3/15)

Altars:
Okawaru


Innate Abilities, Weirdness & Mutations

You cannot be hasted, slowed, berserked, paralysed or teleported.
You can dig through walls and to a lower floor.
You have a pair of large antennae on your head. (SInv)
Your four strong arms can wield two-handed weapons with a shield.
You have sharp toenails.
You are clumsy. (Dex -2)
Armour fits poorly on your strangely shaped body.


Message History

Fire: a) +0 shortbow
Press: ? - help, Q - select action, (/) - cycle Shift-Dir - straight line, f/p - black bear
Aim: a black bear (heavily wounded, 75% to hit)
Okay, then.
Fire: a) +0 shortbow
Press: ? - help, Q - select action, (/) - cycle Shift-Dir - straight line, f/p - black bear
Aim: a black bear (heavily wounded, 75% to hit)
You shoot an arrow. The arrow hits the black bear.
The black bear is severely wounded.
You feel like a meek peon again. The black bear barely misses you.
The black bear misses you. x2
Fire: a) +0 shortbow
Press: ? - help, Q - select action, (/) - cycle Shift-Dir - straight line, f/p - black bear
Aim: a black bear (severely wounded, 70% to hit)
You shoot an arrow. The arrow hits the black bear.
The black bear is severely wounded.
The black bear goes berserk!
Fire: a) +0 shortbow
Press: ? - help, Q - select action, (/) - cycle Shift-Dir - straight line, f/p - black bear
Aim: a black bear (severely wounded, berserk, 70% to hit)
You shoot an arrow. The arrow hits the black bear.
The black bear is almost dead.
The black bear bites you!
* * * LOW HITPOINT WARNING * * *
The black bear claws you.
* * * LOW HITPOINT WARNING * * *
The black bear claws you but does no damage.
The black bear barely misses you. The black bear claws you.
* * * LOW HITPOINT WARNING * * *
The black bear claws you but does no damage.
Unknown command.
Fire: a) +0 shortbow
Press: ? - help, Q - select action, (/) - cycle Shift-Dir - straight line, f/p - black bear
Aim: a black bear (almost dead, berserk, 70% to hit)
You shoot an arrow.
The arrow hits the black bear but does no damage.
The black bear is almost dead.
The black bear closely misses you. The black bear barely misses you.
The black bear completely misses you. The black bear bites you.
You die...

#......... {
#.........
#####......)..
###.............
##...#####...#...
####..###
########
###..†.##
#.##...####
#.......@#
##..####h#
#.....$.........
....######......#
##. #####.. ..


You could see a black bear (berserk).

Vanquished Creatures
  2 adders (D:2)
  A worm (D:2)
  3 dart slugs (D:1)
  4 ball pythons (D:1)
  3 bats
  2 endoplasms
  4 giant cockroaches
  5 goblins
  6 hobgoblins
  11 jackals
  A kobold (D:1)
  5 quokkas
  3 frilled lizards
  3 rats
53 creatures vanquished.

Vanquished Creatures (others)
  A plant (D:2)
1 creature vanquished.

Grand Total: 54 creatures vanquished

Notes
Turn   | Place    | Note
-------+----------+-------------------------------------------
     0 | D:1      | Bnni the Formicid Hunter began the quest for the Orb.
     0 | D:1      | Reached XP level 1. HP: 16/16 MP: 1/1
    77 | D:1      | Reached XP level 2. HP: 23/23 MP: 2/2
   228 | D:1      | Reached XP level 3. HP: 16/28 MP: 3/3
   988 | D:2      | Reached XP level 4. HP: 35/35 MP: 4/4
  1051 | D:2      | Reached skill level 5 in Ranged Weapons
  1208 | D:2      | Found a faded altar of an unknown god.
  1244 | D:2      | Prayed at the altar of an unknown god.
  1244 | D:2      | Became a worshipper of Warmaster Okawaru
  1244 | D:2      | Reached * piety under Okawaru
  1866 | D:3      | Noticed a black bear
  1880 | D:3      | Gained mutation: You have sharp toenails. [potion of
                  | mutation]
  1880 | D:3      | Gained mutation: You are clumsy. (Dex -2) [potion of
                  | mutation]
  1880 | D:3      | Gained mutation: Armour fits poorly on your strangely
                  | shaped body. [potion of mutation]
  1888 | D:3      | HP: 1/35 [black bear (6)]
  1889 | D:3      | Slain by a black bear

Illustrated notes

Levels and vault maps discovered:
D:1:      evilmike_arrival_hilbert_curve, layout_basic, corexii_hall_statues_s
D:2:      layout_basic, shapermc_ecumenical_altar_starsandcircs, serial_rivers,
          chequers_serial_rivers_micro_d, chequers_serial_rivers_micro_d,
          chequers_serial_rivers_small_a, chequers_serial_rivers_micro_a,
          chequers_serial_rivers_micro_d, chequers_serial_rivers_large_a,
          serial_bayou_pond_a, kennysheep_big_empty_room
D:3:      layout_rooms, uniq_crazy_yiuf_cottage, uniq_natasha, uniq_robin

Skill      XL: |  1  2  3  4 |
---------------+-------------+-----
Fighting       | 3 |  3.2
Ranged Weapons | 5 |  5.3
Dodging        | |  1.7
Stealth        | |  1.2
Invocations    | |  0.6

Action                   |  1- 3 |  4- 6 || total
-------------------------+-------+-------++-------
 Fire: Shortbow          |    78 |    90 ||   168
Invok: Heroism           |       |     1 ||     1
 Abil: Dig               |     1 |       ||     1
  Use: Potion            |       |     3 ||     3
Armor: Leather armour    |    14 |    32 ||    46
Dodge: Dodged            |    27 |    54 ||    81

Table legend: (Time is in decaauts)
 A = Elapsed time spent in this place.
 B = Non-inter-level travel time spent in this place.
 C = Inter-level travel time spent in this place.
 D = Time resting spent in this place.
 E = Time spent auto-exploring this place.
 F = Levels seen in this place.
 G = Mean time per level.
                   A        B        C        D        E       F      G
               +--------+--------+--------+--------+--------+-----+--------+
         Total |   1954 |   1850 |    104 |      0 |   1489 |   3 |  651.3 |
       Dungeon |   1954 |   1850 |    104 |      0 |   1489 |   3 |  651.3 |
               +--------+--------+--------+--------+--------+-----+--------+

Top non-repeatable levels by time:
     D:2: 996 daAuts
     D:1: 898 daAuts
     D:3: 59 daAuts
